 Dungeon Crawl Stone Soup version 0.18-a0-884-gb6cfd45 (webtiles) character file.

42 Jmtri7 the Skirmisher (level 3, -7/41 HPs)
             Began as an Ogre Skald on Dec 23, 2015.
             Mangled by a worm (9 damage)
             ... on level 2 of the Dungeon.
             The game lasted 00:05:16 (1322 turns).

Jmtri7 the Skirmisher (Ogre Skald)                  Turns: 1322, Time: 00:05:16

Health: -7/41      AC:  3    Str: 18    XL:     3   Next: 54%
Magic:  5/6        EV:  9    Int: 11    God:
Gold:   51         SH:  0    Dex:  9    Spells: 2 memorised, 3 levels left

rFire  . . .     SeeInvis .     a - +0 mace
rCold  . . .     Gourm    .     b - +0 robe
rNeg   . . .     Faith    .     (no shield)
rPois  .         Spirit   .     (helmet restricted)
rElec  .         Dismiss  .     (no cloak)
rCorr  .         Reflect  .     (gloves unavailable)
SustAt .         Harm     .     (boots unavailable)
MR     .....                    (no amulet)
Stlth  +.........               (no ring)
                                (no ring)

@: lethally poisoned (-7 -> -19), singing (expiring), not resistant to hostile
enchantments, very unstealthy
A: unfitting armour, tough skin 1
a: Stop Singing


You were on level 2 of the Dungeon.
You were near starving.

You visited 1 branch of the dungeon, and saw 2 of its levels.

You collected 51 gold pieces.

Inventory:

Hand Weapons
 a - a +0 mace (weapon)
 h - a +1 dagger of draining
Armour
 b - a +0 robe (worn)
 e - a +0 pair of boots
Scrolls
 g - a scroll of teleportation {unknown}
 j - 2 scrolls of identify {unknown}
 l - a scroll of fog {unknown}
Potions
 k - 3 potions of might {unknown}
Books
 c - a book of Battle

   Spells                             Type                      Level
   a - Infusion                       Charms                       1
   b - Shroud of Golubria             Charms/Translocation         2
   c - Song of Slaying                Charms                       2
   d - Spectral Weapon                Hexes/Charms                 3
   e - Regeneration                   Charms/Necromancy            3
Comestibles
 d - 2 bread rations
 f - a slice of pizza
 i - a meat ration


   Skills:
 + Level 4.9 Fighting
 - Level 2.6 Maces & Flails
 - Level 1.3 Dodging
 + Level 0.3 Stealth
 - Level 2.4 Spellcasting
 - Level 2.1 Charms


You had 3 spell levels left.
You knew the following spells:

 Your Spells              Type           Power        Failure   Level  Hunger
a - Infusion              Chrm           #.....       14%         1    ##.....
b - Song of Slaying       Chrm           #.......     21%         2    ###....


Dungeon Overview and Level Annotations

Branches:
Dungeon (2/15)

Altars:


Innate Abilities, Weirdness & Mutations

You are too large for most types of armour.
You have tough skin (AC +1).


Message History

You feel sick. The bat hits you but does no damage. The adder bites you.
You are more poisoned.
The adder poisons you! The worm bites you. The adder bites you.
* * * LOW HITPOINT WARNING * * *
You are lethally poisoned!
The adder poisons you!
You hit the adder.
The adder is almost dead.
Your song is almost over.
* * * LOW HITPOINT WARNING * * *
You feel sick. The bat misses you. The adder bites you.
* * * LOW HITPOINT WARNING * * *
You are more poisoned.
The adder poisons you! The worm bites you.
* * * LOW HITPOINT WARNING * * *
You hit the adder.
You kill the adder!
* * * LOW HITPOINT WARNING * * *
You feel sick. The bat closely misses you. The worm bites you!
You die...

##.............
#..............
#...............
#...............#
#.........!.....#
#.....b.........#
#......w†.......#
#.....@.......##
##.....#........
######......)?..
#............##
...####...###....
#...# ##. ##..#
##.# #.#


You could see a worm and a bat.

Vanquished Creatures
  An adder (D:2)
  A giant gecko (D:2)
  2 giant cockroaches
  7 goblins (D:1)
  3 hobgoblins (D:1)
  4 jackals (D:1)
  3 bats (D:1)
  3 giant newts (D:1)
  4 kobolds
  3 rats (D:1)
31 creatures vanquished.

Notes
Turn   | Place    | Note
--------------------------------------------------------------
     0 | D:1      | Jmtri7 the Ogre Skald began the quest for the Orb.
     0 | D:1      | Reached XP level 1. HP: 22/22 MP: 3/3
    64 | D:1      | Reached skill level 3 in Fighting
   200 | D:1      | Reached XP level 2. HP: 22/31 MP: 5/5
   204 | D:1      | Learned a level 2 spell: Song of Slaying
   335 | D:1      | Reached skill level 4 in Fighting
   648 | D:1      | Reached XP level 3. HP: 36/40 MP: 0/6
  1322 | D:2      | HP: 2/41 [poisoned by an adder]
  1322 | D:2      | Mangled by a worm

Vault maps used:
D:1:      dpeg_arrival_brainrot, minmay_unequal
D:2:      ecumenical_altar_2, bloody_makhleb

Action                   || total
-------------------------++-------
Melee: Mace              ||    92
 Cast: Infusion          ||     8
       Song of Slaying   ||     5
